Workbook
Name listecategorie: Dépenses!$K$3:$K$33

Sheet Dépenses
A2: Pointé | B2: Date | C2: Montant | D2: Catégorie | E2: Détail | K2: listecategorie
K3: Activités enfant
J4: x | K4: Assurance maison
J5: x | K5: Assurance Voiture
J6: x | K6: Courses
J7: x | K7: Culture
J8: x | K8: Divers
J9: x | K9: Medecin
J10: x | K10: Eau
J11: x | K11: Elec
J12: x | K12: Essence A
J13: x | K13: Essence R
J14: X | K14: Forfait tel A
J15: X | K15: Forfait tel Z
... J35: X | K35: Ecole

Sheet Octobre 2019
E1: Mois de : | G1: Octobre
B3: DEPENSES
B4: Charges Fixes | J4: Charges Variables
K5: Soldes mensuel dégagés | M5: =E45-G35 -> 0
C6: Libelle | D6: intitulé | E6: Échéance | F6: Estimatif | G6: Montant | H6: Payé | L6: Prévi | M6: Réel | N6: Ecart
B7: Crédit | K7: =Dépenses!K6 -> Courses | L7: 345 | M7: =SUMIF(Tableau1[Catégorie],'Octobre 2019'!K7,Tableau1[Montant]) -> 0 | N7: =M7-L7 -> -345
K8: =Dépenses!K13 -> Essence R | L8: 34 | M8: =SUMIF(Tableau1[Catégorie],'Octobre 2019'!K8,Tableau1[Montant]) -> 0 | N8: =M8-L8 -> -34
C9: Assurance Maison | G9: =SUMIF(Tableau1[Catégorie],Dépenses!K4,Tableau1[Montant]) -> 0 | K9: =Dépenses!K12 -> Essence A | L9: 34 | M9: =SUMIF(Tableau1[Catégorie],'Octobre 2019'!K9,Tableau1[Montant]) -> 0 | N9: =M9-L9 -> -34
C10: Assurance voiture | G10: =SUMIF(Tableau1[Catégorie],Dépenses!K5,Tableau1[Montant]) -> 0 | K10: =Dépenses!K23 -> Retrait | L10: 45 | M10: =SUMIF(Tableau1[Catégorie],'Octobre 2019'!K10,Tableau1[Montant]) -> 0 | N10: =M10-L10 -> -45
K11: =Dépenses!K22 -> Restaurant | L11: 56 | M11: =SUMIF(Tableau1[Catégorie],'Octobre 2019'!K11,Tableau1[Montant]) -> 0 | N11: =M11-L11 -> -56
B12: Energie | C12: Electricité | F12: 350 | G12: =SUMIF(Tableau1[Catégorie],Dépenses!K11,Tableau1[Montant]) -> 0 | K12: =Dépenses!K24 -> Sortie | L12: 67 | M12: =SUMIF(Tableau1[Catégorie],'Octobre 2019'!K12,Tableau1[Montant]) -> 0 | N12: =M12-L12 -> -67
C13: Eau | G13: =SUMIF(Tableau1[Catégorie],Dépenses!K10,Tableau1[Montant]) -> 0 | K13: =Dépenses!K17 -> Habillement | M13: =SUMIF(Tableau1[Catégorie],'Octobre 2019'!K13,Tableau1[Montant]) -> 0 | N13: =M13-L13 -> 0
C14: Gaz | G14: =SUMIF(Tableau1[Catégorie],Dépenses!K16,Tableau1[Montant]) -> 0 | K14: =Dépenses!K8 -> Divers | L14: 87 | M14: =SUMIF(Tableau1[Catégorie],'Octobre 2019'!K14,Tableau1[Montant]) -> 0 | N14: =M14-L14 -> -87
C15: Mutuelle
B16: Téléphone/Internet | C16: Forfait Damien | F16: 269 | G16: =SUMIF(Tableau1[Catégorie],Dépenses!K15,Tableau1[Montant]) -> 0 | K16: =Dépenses!K7 -> Culture | L16: 56 | M16: =SUMIF(Tableau1[Catégorie],'Octobre 2019'!K16,Tableau1[Montant]) -> 0
C17: Forfait Anna | F17: 345 | G17: =SUMIF(Tableau1[Catégorie],Dépenses!K14,Tableau1[Montant]) -> 0 | K17: =Dépenses!K29 -> Frais bancaire | L17: 45 | M17: =SUMIF(Tableau1[Catégorie],'Octobre 2019'!K17,Tableau1[Montant]) -> 0
C18: Ligne Fixe | F18: 3453 | G18: =SUMIF(Tableau1[Catégorie],Dépenses!K33,Tableau1[Montant]) -> 0 | K18: =+Dépenses!K30 -> Parking/peage | L18: 34 | M18: =SUMIF(Tableau1[Catégorie],'Octobre 2019'!K18,Tableau1[Montant]) -> 0
C19: Internet | F19: 234 | G19: =SUMIF(Tableau1[Catégorie],Dépenses!K19,Tableau1[Montant]) -> 0 | K19: =Dépenses!K31 -> Coiffeur | L19: 34 | M19: =SUMIF(Tableau1[Catégorie],'Octobre 2019'!K19,Tableau1[Montant]) -> 0
B20: Taxes | C20: Impot sur le revenu | G20: =SUMIF(Tableau1[Catégorie],Dépenses!K18,Tableau1[Montant]) -> 0 | K20: =Dépenses!K32 -> Boulangerie | L20: 23 | M20: =SUMIF(Tableau1[Catégorie],'Octobre 2019'!K20,Tableau1[Montant]) -> 0
C21: Taxe d'habitation | K21: =Dépenses!K21 -> Pharmacie | M21: =SUMIF(Tableau1[Catégorie],'Octobre 2019'!K21,Tableau1[Montant]) -> 0
C22: Taxe foncière | K22: =Dépenses!K9 -> Medecin | M22: =SUMIF(Tableau1[Catégorie],'Octobre 2019'!K22,Tableau1[Montant]) -> 0
C23: WWF | G23: =SUMIF(Tableau1[Catégorie],"wwf",Tableau1[Montant]) -> 0 | K23: Maison | M23: =SUMIF(Tableau1[Catégorie],'Octobre 2019'!K23,Tableau1[Montant]) -> 0
K24: =Dépenses!K28 -> Vacs Transport | M24: =SUMIF(Tableau1[Catégorie],'Octobre 2019'!K24,Tableau1[Montant]) -> 0
B25: Anna | C25: Assurance pro anna | K25: =Dépenses!K26 -> Vacs Alimentation | M25: =SUMIF(Tableau1[Catégorie],'Octobre 2019'!K25,Tableau1[Montant]) -> 0
C26: Prévoyance | K26: =Dépenses!K27 -> Vacs Logement | M26: =SUMIF(Tableau1[Catégorie],'Octobre 2019'!K26,Tableau1[Montant]) -> 0
C27: Ordre des médecins | K27: =Dépenses!K25 -> Vacs Activités | M27: =SUMIF(Tableau1[Catégorie],'Octobre 2019'!K27,Tableau1[Montant]) -> 0
B28: Enfants | C28: Crèche | F28: 23423 | G28: =SUMIF(Tableau1[Catégorie],Dépenses!K34,Tableau1[Montant]) -> 0
C29: Ecole | F29: 234234 | G29: =SUMIF(Tableau1[Catégorie],Dépenses!K35,Tableau1[Montant]) -> 0
C30: Activités | F30: 64546 | G30: =SUMIF(Tableau1[Catégorie],Dépenses!K3,Tableau1[Montant]) -> 0
B32: Maison | C32: Loyer | F32: 657 | G32: =SUMIF(Tableau1[Catégorie],Dépenses!K20,Tableau1[Montant]) -> 0 | L32: =SUM(L7:L31) -> 860
C35: Total | F35: =SUM(F7:F32) -> 327511 | G35: =SUMIF(H7:H32,"x",G7:G32) -> 0 | K35: Total | M35: =SUM(M7:M31) -> 0
B39: REVENU
B40: Salaires mois précédent | J40: Epargne possible
C41: Anna
C42: Damien | K42: Total | M42: =M5-M35 -> 0
C43: ADMF
C45: Total | E45: =SUM(E41:E43) -> 0

Sheet Novembre 2019
E1: Mois de : | G1: Octobre
B3: DEPENSES
B4: Charges Fixes | J4: Charges Variables
K5: Soldes mensuel dégagés | M5: =E45-G35 -> 0
C6: Libelle | D6: intitulé | E6: Échéance | F6: Estimatif | G6: Montant | H6: Payé | L6: Prévi | M6: Réel | N6: Ecart
B7: Crédit | K7: =Dépenses!K6 -> Courses | L7: 467 | M7: =SUMIF(Tableau1[Catégorie],'Novembre 2019'!K7,Tableau1[Montant]) -> 0 | N7: =M7-L7 -> -467
K8: =Dépenses!K13 -> Essence R | L8: 567 | M8: =SUMIF(Tableau1[Catégorie],'Novembre 2019'!K8,Tableau1[Montant]) -> 0 | N8: =M8-L8 -> -567
C9: Assurance Maison | G9: =SUMIF(Tableau1[Catégorie],Dépenses!K4,Tableau1[Montant]) -> 0 | K9: =Dépenses!K12 -> Essence A | L9: 345 | M9: =SUMIF(Tableau1[Catégorie],'Novembre 2019'!K9,Tableau1[Montant]) -> 0 | N9: =M9-L9 -> -345
C10: Assurance voiture | G10: =SUMIF(Tableau1[Catégorie],Dépenses!K5,Tableau1[Montant]) -> 0 | K10: =Dépenses!K23 -> Retrait | L10: 234 | M10: =SUMIF(Tableau1[Catégorie],'Novembre 2019'!K10,Tableau1[Montant]) -> 0 | N10: =M10-L10 -> -234
K11: =Dépenses!K22 -> Restaurant | L11: 67 | M11: =SUMIF(Tableau1[Catégorie],'Novembre 2019'!K11,Tableau1[Montant]) -> 0 | N11: =M11-L11 -> -67
B12: Energie | C12: Electricité | F12: 2445 | G12: =SUMIF(Tableau1[Catégorie],Dépenses!K11,Tableau1[Montant]) -> 0 | K12: =Dépenses!K24 -> Sortie | L12: 45 | M12: =SUMIF(Tableau1[Catégorie],'Novembre 2019'!K12,Tableau1[Montant]) -> 0 | N12: =M12-L12 -> -45
C13: Eau | G13: =SUMIF(Tableau1[Catégorie],Dépenses!K10,Tableau1[Montant]) -> 0 | K13: =Dépenses!K17 -> Habillement | M13: =SUMIF(Tableau1[Catégorie],'Novembre 2019'!K13,Tableau1[Montant]) -> 0 | N13: =M13-L13 -> 0
C14: Gaz | G14: =SUMIF(Tableau1[Catégorie],Dépenses!K16,Tableau1[Montant]) -> 0 | K14: =Dépenses!K8 -> Divers | L14: 34 | M14: =SUMIF(Tableau1[Catégorie],'Novembre 2019'!K14,Tableau1[Montant]) -> 0 | N14: =M14-L14 -> -34
C15: Mutuelle | L15: 8787
B16: Téléphone/Internet | C16: Forfait Damien | F16: 345 | G16: =SUMIF(Tableau1[Catégorie],Dépenses!K15,Tableau1[Montant]) -> 0 | K16: =Dépenses!K7 -> Culture | L16: 78 | M16: =SUMIF(Tableau1[Catégorie],'Novembre 2019'!K16,Tableau1[Montant]) -> 0
C17: Forfait Anna | F17: 657 | G17: =SUMIF(Tableau1[Catégorie],Dépenses!K14,Tableau1[Montant]) -> 0 | K17: =Dépenses!K29 -> Frais bancaire | L17: 79 | M17: =SUMIF(Tableau1[Catégorie],'Novembre 2019'!K17,Tableau1[Montant]) -> 0
C18: Ligne Fixe | F18: 78678 | G18: =SUMIF(Tableau1[Catégorie],Dépenses!K33,Tableau1[Montant]) -> 0 | K18: =+Dépenses!K30 -> Parking/peage | L18: 8988 | M18: =SUMIF(Tableau1[Catégorie],'Novembre 2019'!K18,Tableau1[Montant]) -> 0
C19: Internet | F19: 43 | G19: =SUMIF(Tableau1[Catégorie],Dépenses!K19,Tableau1[Montant]) -> 0 | K19: =Dépenses!K31 -> Coiffeur | L19: 34 | M19: =SUMIF(Tableau1[Catégorie],'Novembre 2019'!K19,Tableau1[Montant]) -> 0
B20: Taxes | C20: Impot sur le revenu | G20: =SUMIF(Tableau1[Catégorie],Dépenses!K18,Tableau1[Montant]) -> 0 | K20: =Dépenses!K32 -> Boulangerie | L20: 24 | M20: =SUMIF(Tableau1[Catégorie],'Novembre 2019'!K20,Tableau1[Montant]) -> 0
C21: Taxe d'habitation | K21: =Dépenses!K21 -> Pharmacie | M21: =SUMIF(Tableau1[Catégorie],'Novembre 2019'!K21,Tableau1[Montant]) -> 0
C22: Taxe foncière | K22: =Dépenses!K9 -> Medecin | M22: =SUMIF(Tableau1[Catégorie],'Novembre 2019'!K22,Tableau1[Montant]) -> 0
C23: WWF | G23: =SUMIF(Tableau1[Catégorie],"wwf",Tableau1[Montant]) -> 0 | K23: Maison | M23: =SUMIF(Tableau1[Catégorie],'Novembre 2019'!K23,Tableau1[Montant]) -> 0
K24: =Dépenses!K28 -> Vacs Transport | M24: =SUMIF(Tableau1[Catégorie],'Novembre 2019'!K24,Tableau1[Montant]) -> 0
B25: Anna | C25: Assurance pro anna | K25: =Dépenses!K26 -> Vacs Alimentation | M25: =SUMIF(Tableau1[Catégorie],'Novembre 2019'!K25,Tableau1[Montant]) -> 0
C26: Prévoyance | K26: =Dépenses!K27 -> Vacs Logement | M26: =SUMIF(Tableau1[Catégorie],'Novembre 2019'!K26,Tableau1[Montant]) -> 0
C27: Ordre des médecins | K27: =Dépenses!K25 -> Vacs Activités | M27: =SUMIF(Tableau1[Catégorie],'Novembre 2019'!K27,Tableau1[Montant]) -> 0
B28: Enfants | C28: Crèche | F28: 578 | G28: =SUMIF(Tableau1[Catégorie],Dépenses!K34,Tableau1[Montant]) -> 0
C29: Ecole Noah | F29: 98 | G29: =SUMIF(Tableau1[Catégorie],Dépenses!K35,Tableau1[Montant]) -> 0
C30: Activités Noah | F30: 456 | G30: =SUMIF(Tableau1[Catégorie],Dépenses!K3,Tableau1[Montant]) -> 0
B32: Maison | C32: Loyer | F32: 456 | G32: =SUMIF(Tableau1[Catégorie],Dépenses!K20,Tableau1[Montant]) -> 0 | L32: =SUM(L7:L31) -> 19749
C35: Total | F35: =SUM(F7:F32) -> 83756 | G35: =SUMIF(H7:H32,"x",G7:G32) -> 0 | K35: Total | M35: =SUM(M7:M31) -> 0
B39: REVENU
B40: Salaires mois précédent | J40: Epargne possible
C41: Anna
C42: Damien | K42: Total | M42: =M5-M35 -> 0
C43: ADMF
C45: Total | E45: =SUM(E41:E43) -> 0

Sheet Décembre 2019
E1: Mois de : | G1: Octobre
B3: DEPENSES
B4: Charges Fixes | J4: Charges Variables
K5: Soldes mensuel dégagés | M5: =E45-G35 -> 0
C6: Libelle | D6: intitulé | E6: Échéance | F6: Estimatif | G6: Montant | H6: Payé | L6: Prévi | M6: Réel | N6: Ecart
B7: Crédit | K7: =Dépenses!K6 -> Courses | L7: 3534 | M7: =SUMIF(Tableau1[Catégorie],'Décembre 2019'!K7,Tableau1[Montant]) -> 0 | N7: =M7-L7 -> -3534
K8: =Dépenses!K13 -> Essence R | L8: 567 | M8: =SUMIF(Tableau1[Catégorie],'Décembre 2019'!K8,Tableau1[Montant]) -> 0 | N8: =M8-L8 -> -567
C9: Assurance Maison | G9: =SUMIF(Tableau1[Catégorie],Dépenses!K4,Tableau1[Montant]) -> 0 | K9: =Dépenses!K12 -> Essence A | L9: 6578 | M9: =SUMIF(Tableau1[Catégorie],'Décembre 2019'!K9,Tableau1[Montant]) -> 0 | N9: =M9-L9 -> -6578
C10: Assurance voiture | G10: =SUMIF(Tableau1[Catégorie],Dépenses!K5,Tableau1[Montant]) -> 0 | K10: =Dépenses!K23 -> Retrait | L10: 789 | M10: =SUMIF(Tableau1[Catégorie],'Décembre 2019'!K10,Tableau1[Montant]) -> 0 | N10: =M10-L10 -> -789
K11: =Dépenses!K22 -> Restaurant | L11: 456 | M11: =SUMIF(Tableau1[Catégorie],'Décembre 2019'!K11,Tableau1[Montant]) -> 0 | N11: =M11-L11 -> -456
B12: Energie | C12: Electricité | F12: 2323 | G12: =SUMIF(Tableau1[Catégorie],Dépenses!K11,Tableau1[Montant]) -> 0 | K12: =Dépenses!K24 -> Sortie | L12: 546 | M12: =SUMIF(Tableau1[Catégorie],'Décembre 2019'!K12,Tableau1[Montant]) -> 0 | N12: =M12-L12 -> -546
C13: Eau | G13: =SUMIF(Tableau1[Catégorie],Dépenses!K10,Tableau1[Montant]) -> 0 | K13: =Dépenses!K17 -> Habillement | M13: =SUMIF(Tableau1[Catégorie],'Décembre 2019'!K13,Tableau1[Montant]) -> 0 | N13: =M13-L13 -> 0
C14: Gaz | G14: =SUMIF(Tableau1[Catégorie],Dépenses!K16,Tableau1[Montant]) -> 0 | K14: =Dépenses!K8 -> Divers | L14: 345 | M14: =SUMIF(Tableau1[Catégorie],'Décembre 2019'!K14,Tableau1[Montant]) -> 0 | N14: =M14-L14 -> -345
C15: Mutuelle | L15: 798
B16: Téléphone/Internet | C16: Forfait Damien | F16: 45 | G16: =SUMIF(Tableau1[Catégorie],Dépenses!K15,Tableau1[Montant]) -> 0 | K16: =Dépenses!K7 -> Culture | L16: 78 | M16: =SUMIF(Tableau1[Catégorie],'Décembre 2019'!K16,Tableau1[Montant]) -> 0
C17: Forfait Anna | F17: 56578 | G17: =SUMIF(Tableau1[Catégorie],Dépenses!K14,Tableau1[Montant]) -> 0 | K17: =Dépenses!K29 -> Frais bancaire | L17: 9 | M17: =SUMIF(Tableau1[Catégorie],'Décembre 2019'!K17,Tableau1[Montant]) -> 0
C18: Ligne Fixe | F18: 456 | G18: =SUMIF(Tableau1[Catégorie],Dépenses!K33,Tableau1[Montant]) -> 0 | K18: =+Dépenses!K30 -> Parking/peage | L18: 90 | M18: =SUMIF(Tableau1[Catégorie],'Décembre 2019'!K18,Tableau1[Montant]) -> 0
C19: Internet | F19: 546 | G19: =SUMIF(Tableau1[Catégorie],Dépenses!K19,Tableau1[Montant]) -> 0 | K19: =Dépenses!K31 -> Coiffeur | L19: 45 | M19: =SUMIF(Tableau1[Catégorie],'Décembre 2019'!K19,Tableau1[Montant]) -> 0
B20: Taxes | C20: Impot sur le revenu | G20: =SUMIF(Tableau1[Catégorie],Dépenses!K18,Tableau1[Montant]) -> 0 | K20: =Dépenses!K32 -> Boulangerie | L20: 34 | M20: =SUMIF(Tableau1[Catégorie],'Décembre 2019'!K20,Tableau1[Montant]) -> 0
C21: Taxe d'habitation | K21: =Dépenses!K21 -> Pharmacie | M21: =SUMIF(Tableau1[Catégorie],'Décembre 2019'!K21,Tableau1[Montant]) -> 0
C22: Taxe foncière | K22: =Dépenses!K9 -> Medecin | M22: =SUMIF(Tableau1[Catégorie],'Décembre 2019'!K22,Tableau1[Montant]) -> 0
C23: WWF | G23: =SUMIF(Tableau1[Catégorie],"wwf",Tableau1[Montant]) -> 0 | K23: Maison | M23: =SUMIF(Tableau1[Catégorie],'Décembre 2019'!K23,Tableau1[Montant]) -> 0
K24: =Dépenses!K28 -> Vacs Transport | M24: =SUMIF(Tableau1[Catégorie],'Décembre 2019'!K24,Tableau1[Montant]) -> 0
B25: Anna | C25: Assurance pro anna | K25: =Dépenses!K26 -> Vacs Alimentation | M25: =SUMIF(Tableau1[Catégorie],'Décembre 2019'!K25,Tableau1[Montant]) -> 0
C26: Prévoyance | K26: =Dépenses!K27 -> Vacs Logement | M26: =SUMIF(Tableau1[Catégorie],'Décembre 2019'!K26,Tableau1[Montant]) -> 0
C27: Ordre des médecins | K27: =Dépenses!K25 -> Vacs Activités | M27: =SUMIF(Tableau1[Catégorie],'Décembre 2019'!K27,Tableau1[Montant]) -> 0
B28: Enfants | C28: Crèche | F28: 456 | G28: =SUMIF(Tableau1[Catégorie],Dépenses!K34,Tableau1[Montant]) -> 0
C29: Ecole Noah | F29: 67 | G29: =SUMIF(Tableau1[Catégorie],Dépenses!K35,Tableau1[Montant]) -> 0
C30: Activités Noah | F30: 56756 | G30: =SUMIF(Tableau1[Catégorie],Dépenses!K3,Tableau1[Montant]) -> 0
B32: Maison | C32: Loyer | F32: 34653 | G32: =SUMIF(Tableau1[Catégorie],Dépenses!K20,Tableau1[Montant]) -> 0 | L32: =SUM(L7:L31) -> 13869
C35: Total | F35: =SUM(F7:F32) -> 151880 | G35: =SUMIF(H7:H32,"x",G7:G32) -> 0 | K35: Total | M35: =SUM(M7:M31) -> 0
B39: REVENU
B40: Salaires mois précédent | J40: Epargne possible
C41: Anna
C42: Damien | K42: Total | M42: =M5-M35 -> 0
C43: ADMF
C45: Total | E45: =SUM(E41:E43) -> 0

Sheet Feuil3
